 Dungeon Crawl Stone Soup version 0.27-a0-1200-g94dc6ad (webtiles) character file.

Game seed: 2754932174916722981

27197 Meow the Fighter (level 13, 0/136 HPs)
             Began as a Naga Venom Mage on June 1, 2021.
             Was an Initiate of Gozag.
             Engulfed by a cloud of freezing vapour (24 damage)
             ... in an ice cave.
             The game lasted 01:05:06 (16673 turns).

Meow the Fighter (Naga Venom Mage)                 Turns: 16673, Time: 01:05:06

Health: 0/136      AC: 12    Str: 16    XL:     13   Next: 30%
Magic:  13/27      EV:  9    Int: 20    God:    Gozag
Gold:   206        SH:  9    Dex: 11    Spells: 22/32 levels left

rFire    + . .     SeeInvis +   R - +2 hand axe (flame)
rCold    . . .     Faith    .   Z - +0 buckler
rNeg     . . .     Spirit   .   M - +3 leather armour of Marbles {rF+ Str+4 SInv}
rPois    +         Reflect  +   W - +2 helmet "Laecsut" {rPois rCorr}
rElec    .         Harm     .   (no cloak)
rCorr    +         Rampage  .   N - +0 pair of gloves
Will     ++...                  (no barding)
Stlth    ++........             H - amulet of reflection
HPRegen  0.32/turn              y - ring of resist corrosion
MPRegen  0.20/turn              F - ring of willpower

@: gold aura, very slow
A: AC +4, large, see invisible, deformed body, poison resistance, slowness 2,
spit poison 1, naga tail 2
a: Spit Poison, Renounce Religion, Potion Petition, Call Merchant, Bribe Branch


You were in an ice cave.
You worshipped Gozag.
Gozag was aware of your devotion.
You visited 3 branches of the dungeon, and saw 14 of its levels.
You also visited: Ossuary and Ice Cave.

You collected 3382 gold pieces.
You spent 1888 gold pieces at shops.
You paid 1288 gold pieces to Gozag.

Inventory:

Hand Weapons
 a - a +0 hand crossbow
 b - the +2 hand axe "Worm" {vorpal, rElec}
   (You found it on level 4 of the Dungeon)

   It inflicts extra damage upon your enemies.
   It insulates you from electricity.
 c - a +0 long sword
 n - a +0 broad axe
 O - a +1 hunting sling
 R - a +2 hand axe of flaming (weapon)
Missiles
 h - 375 stones (quivered)
 p - 49 bolts
 U - 5 curare-tipped darts
 V - 4 throwing nets
Armour
 M - the +3 leather armour of Marbles (worn) {rF+ Str+4 SInv}
   (You bought it in a shop on level 1 of the Lair of Beasts)

   It affects your strength (+4).
   It protects you from fire.
   It lets you see invisible.
 N - a +0 pair of gloves (worn)
 W - the +2 helmet "Laecsut" (worn) {rPois rCorr}
   (You bought it in a shop on level 1 of the Lair of Beasts)

   It protects you from poison.
   It protects you from acid and corrosion.
 Z - a +0 buckler (worn)
Jewellery
 y - a ring of resist corrosion (left hand)
 F - a ring of willpower (right hand)
 H - an amulet of reflection (around neck)
 X - an amulet of faith
Wands
 f - a wand of digging (2)
 x - a wand of polymorph (8)
 J - a wand of paralysis (5)
 K - a wand of acid (9)
 T - a wand of flame (40)
Scrolls
 g - a scroll of identify
 k - 3 scrolls of enchant weapon
 l - a scroll of immolation {unknown}
 q - 4 scrolls of teleportation
 r - a scroll of silence {unknown}
 s - a scroll of brand weapon {unknown}
 v - 2 scrolls of amnesia
 E - a scroll of holy word {unknown}
 G - a scroll of fear {unknown}
 L - a scroll of enchant armour
 Y - 2 scrolls of magic mapping {unknown}
Potions
 d - 4 potions of lignification
 e - 2 potions of attraction
 o - 3 potions of mutation
 u - 4 potions of flight
 w - 4 potions of curing
 z - 2 potions of invisibility
 A - 8 potions of haste
 B - 3 potions of cancellation
 D - 2 potions of resistance
 S - 2 potions of brilliance


   Skills:
 + Level 14.5 Fighting
 - Level 1.5 Dodging
 - Level 3.0 Stealth
 - Level 2.4 Shields
 - Level 10.0 Spellcasting
 - Level 12.0 Conjurations
 - Level 1.0 Transmutations
 - Level 4.0 Poison Magic


You had 22 spell levels left.
You knew the following spells:

 Your Spells              Type           Power      Damage    Failure   Level
a - Sting                 Tmut/Pois      80%        1d7       3%          1
c - Mephitic Cloud        Conj/Pois/Air  31%        N/A       2%          3
A - Stone Arrow           Conj/Erth      68%        3d11      2%          3
C - Ignite Poison         Fire/Tmut/Pois 16%        N/A       13%         3

Your spell library contained the following spells:

 Spells                   Type           Power      Damage    Failure   Level
 Conjure Flame            Conj/Fire      34%        6-21      2%          3
 Dazzling Flash           Conj/Hex       68%        N/A       2%          3
 Poisonous Vapours        Pois/Air       36%        N/A       5%          2
 Animate Skeleton         Necr           20%        N/A       9%          1
 Corona                   Hex            11%        N/A       9%          1
 Pain                     Necr           40%        1d6       9%          1
 Sandblast                Erth           20%        2d7       9%          1
 Passwall                 Tmut/Erth      10%        N/A       11%         2
 Ensorcelled Hibernation  Hex/Ice        20%        N/A       13%         2
 Olgreb's Toxic Radiance  Pois           26%        N/A       16%         4
 Confusing Touch          Hex            10%        N/A       26%         3
 Tukima's Dance           Hex            10%        N/A       26%         3
 Vampiric Draining        Necr           5%         2d6       26%         3
 Petrify                  Tmut/Erth      12%        N/A       56%         4
 Animate Dead             Necr           5%         N/A       63%         4
 Agony                    Necr           10%        N/A       93%         5
 Lee's Rapid Deconstruct  Erth           5%         3d7*      93%         5
 Freezing Cloud           Conj/Ice/Air   13%        6-21      94%         6


Dungeon Overview and Level Annotations

Branches:
Dungeon (9/15)             Temple (1/1) D:4            Lair (4/6) D:9
Ossuary (visited)           IceCv (1/1)
  Swamp: Lair:2-4    Shoals: Lair:2-4     Snake: Lair:2-4    Spider: Lair:2-4
    Orc: D:9-12

Altars:
Cheibriados
Dithmenos
Elyvilon
Fedhas
Gozag
Hepliaklqana
Kikubaaqudgha
Makhleb
Nemelex Xobeh
Okawaru
Qazlal
Ru
Sif Muna
Trog
Uskayaw
Vehumet
Wu Jian
Xom
Yredelemnul
Zin
The Shining One

Shops:
D:2 *   D:3 !   D:7 *   Lair:1 [*

Annotations:
D:5 1 runed translucent door, Crazy Yiuf


Innate Abilities, Weirdness & Mutations

Your serpentine skin is tough. (AC +4)
You have supernaturally acute eyesight. (SInv)
Armour fits poorly on your strangely shaped body.
Your system is resistant to poisons. (rPois)
You cover ground very slowly.
You can spit poison.
You can use your snake-like lower body to constrict enemies.


Message History

Unknown command.
The ice statue is engulfed in blazing flames.
The ice statue gestures at you.
You hear a sizzling sound!
Unknown command.
Casting: Ignite Poison (mildly dangerous; 13% risk of failure)
Confirm with . or Enter, or press ? or * to list all spells.
Aiming: Stone Arrow (mildly dangerous; 2% risk of failure)
Press: ? - help, Shift-Dir - straight line, f/p - ice statue
Aim: an ice statue (flame, lightly damaged, 100% to hit)
The stone arrow hits the ice statue!!
The ice statue is moderately damaged.
You are engulfed in freezing vapours.
The ice statue is engulfed in blazing flames.
Casting: Stone Arrow (mildly dangerous; 2% risk of failure)
Confirm with . or Enter, or press ? or * to list all spells.
Aiming: Stone Arrow (mildly dangerous; 2% risk of failure)
Press: ? - help, Shift-Dir - straight line, f/p - ice statue
Aim: an ice statue (flame, severely damaged, 100% to hit)
The stone arrow hits the ice statue!
The ice statue is almost destroyed.
You are engulfed in freezing vapours.
The ice statue gestures at you. The freezing blast engulfs you!
* * * LOW HITPOINT WARNING * * *
Unknown command.
Casting: Stone Arrow (mildly dangerous; 2% risk of failure)
Confirm with . or Enter, or press ? or * to list all spells.
Aiming: Stone Arrow (mildly dangerous; 2% risk of failure)
Press: ? - help, Shift-Dir - straight line, f/p - ice statue
Aim: an ice statue (flame, almost destroyed, 100% to hit)
The stone arrow hits the ice statue but does no damage.
The ice statue is almost destroyed.
You are engulfed in freezing vapours.
* * * LOW HITPOINT WARNING * * *
The ice statue is engulfed in blazing flames.
You destroy the ice statue!
You are engulfed in freezing vapours.
You die...
Your body crumbles into a pile of gold.

##...### #......##
# . #..##...## :#.
#...##...### #.###
##..####...####..°
#...####...##°$°
#....# #..##...#
#∩..####..# #°°#
##..∩##..####°@#
#####....##°.##
##.#....##
########


There were no monsters in sight!

Vanquished Creatures
  2 hydras
  Erica (Lair:1)
  A two-headed ogre (D:8)
  Sonja (Lair:2)
  5 deep trolls (D:9)
  2 oklob plants (Lair:2)
  5 elephants
  An ice statue (IceCv)
  7 cane toads
  2 black mambas
  A rime drake (Lair:3)
  4 komodo dragons
  2 kobold demonologists
  5 trolls (D:9)
  A hornet (D:7)
  3 polar bears
  6 blink frogs (Lair:4)
  3 dream sheep (Lair:4)
  34 yaks
  A wyvern (D:9)
  2 basilisks
  A steam dragon (D:7)
  2 nagas (Lair:4)
  4 water moccasins
  2 black bears
  A hornet zombie (D:8)
  5 ice beasts
  A necrophage (D:7)
  7 wolves
  5 centaurs
  5 kobold brigands
  Blork the orc (D:4)
  11 bullfrogs
  2 elf zombies (Ossuary)
  A gnoll sergeant (D:9)
  3 scorpions
  A wyvern zombie (D:9)
  3 killer bees (D:9)
  14 wights
  6 electric eels
  2 howler monkeys (D:9)
  3 centaur zombies
  A bullfrog zombie (D:6)
  A human zombie (Ossuary)
  3 hounds
  2 jellies (D:2)
  A gnoll shaman (D:8)
  5 orc priests
  3 iguanas
  Ijyb (D:3)
  Natasha (thrice) (D:2)
  5 orc wizards
  A killer bee zombie (D:6)
  2 mummies (Ossuary)
  11 adders
  13 gnolls
  A shadow imp (D:6)
  2 white imps
  4 adder zombies (Ossuary)
  2 worms
  A dart slug (D:3)
  14 orcs
  9 endoplasms
  5 giant cockroaches
  5 goblins
  7 hobgoblins
  11 jackals
  21 kobolds
  2 quokkas
  5 ball pythons
  3 bats
  2 frilled lizards
  4 hobgoblin zombies (Ossuary)
  3 jackal zombies (Ossuary)
  12 kobold zombies (Ossuary)
  11 orc zombies (Ossuary)
  3 rats
348 creatures vanquished.

Vanquished Creatures (others)
  An electric eel (Lair:2)
  21 fungi
  56 plants
  7 toadstools (D:2)
85 creatures vanquished.

Grand Total: 433 creatures vanquished

Notes
Turn   | Place    | Note
-------+----------+-------------------------------------------
     0 | D:1      | Meow the Naga Venom Mage began the quest for the Orb.
     0 | D:1      | Reached XP level 1. HP: 15/15 MP: 3/3
   219 | D:1      | Reached skill level 1 in Conjurations
   219 | D:1      | Reached XP level 2. HP: 22/22 MP: 5/5
   752 | D:1      | Reached XP level 3. HP: 26/28 MP: 4/6
   756 | D:1      | Learned a level 3 spell: Mephitic Cloud
   760 | D:1      | Learned a level 3 spell: Ignite Poison
  1373 | D:2      | Found Nial Okuti's Assorted Antiques.
  1801 | D:2      | Noticed Natasha
  1806 | D:2      | Killed Natasha
  1807 | D:2      | Reached XP level 4. HP: 36/36 MP: 1/8
  1954 | D:2      | Noticed Natasha
  1961 | D:2      | Killed Natasha
  2103 | D:2      | Found a faded altar of an unknown god.
  2583 | D:3      | Found an opulent altar of Gozag.
  2686 | D:3      | Became a worshipper of Gozag Ym Sagoz the Greedy
  2829 | D:3      | Reached XP level 5. HP: 40/42 MP: 7/10
  2866 | D:3      | Found Cenaf's Distillery.
  2877 | D:3      | Bought a potion of curing for 30 gold pieces
  2993 | D:3      | Noticed Ijyb
  3021 | D:3      | Killed Ijyb
  3383 | D:4      | Found a staircase to the Ecumenical Temple.
  3452 | D:4      | Reached XP level 6. HP: 45/49 MP: 7/12
  3502 | Temple   | Entered the Ecumenical Temple
  3763 | D:4      | Noticed Blork the orc
  3769 | D:4      | Killed Blork the orc
  3820 | D:4      | Found a white marble altar of Elyvilon.
  4068 | D:4      | Reached XP level 7. HP: 46/55 MP: 4/14
  4143 | D:4      | Reached skill level 5 in Spellcasting
  4199 | D:4      | Identified the +2 hand axe "Worm" {vorpal, rElec}
  4251 | D:4      | Found a basalt altar of Yredelemnul.
  4432 | D:2      | Noticed Natasha
  4435 | D:2      | Killed Natasha
  4605 | D:2      | Reached skill level 5 in Conjurations
  4824 | D:5      | Entered Level 5 of the Dungeon
  5445 | D:5      | Found a runed translucent door.
  5446 | D:5      | Noticed Crazy Yiuf
  5978 | D:6      | Reached XP level 8. HP: 60/62 MP: 5/17
  6153 | D:6      | Learned a level 3 spell: Stone Arrow
  6467 | D:6      | Found a stormy altar of Qazlal.
  6682 | D:6      | Found a sacrificial altar of Ru.
  7057 | D:3      | Bought 2 potions of haste for 200 gold pieces
  7057 | D:3      | Bought a potion of curing for 30 gold pieces
  7057 | D:3      | Bought a potion of curing for 30 gold pieces
  7057 | D:3      | Bought 2 potions of invisibility for 160 gold pieces
  7057 | D:3      | Bought a potion of invisibility for 80 gold pieces
  7057 | D:3      | Bought a potion of cancellation for 80 gold pieces
  7057 | D:3      | Bought a potion of resistance for 100 gold pieces
  7173 | D:7      | Reached skill level 1 in Fighting
  7257 | D:7      | Reached skill level 2 in Fighting
  7274 | D:7      | Reached XP level 9. HP: 61/74 MP: 4/18
  7418 | D:7      | Reached skill level 3 in Fighting
  7514 | D:7      | Found a sand-covered staircase.
  7519 | Ossuary  | Entered an ossuary
  8288 | D:7      | Found Asetylel's General Store.
  8291 | D:7      | Bought a scroll of enchant armour for 90 gold pieces
  8291 | D:7      | Bought a scroll of identify for 24 gold pieces
  8436 | D:7      | Found a snail-covered altar of Cheibriados.
  8442 | D:7      | Found a hazy altar of Hepliaklqana.
  8445 | D:7      | Found a shimmering altar of Xom.
  8725 | D:8      | Reached skill level 4 in Fighting
  8765 | D:8      | Noticed a hornet
  8780 | D:7      | Killed a hornet
  9200 | D:8      | Noticed a two-headed ogre
  9204 | D:8      | Reached skill level 5 in Fighting
  9212 | D:8      | Killed a two-headed ogre
  9213 | D:8      | Reached XP level 10. HP: 78/91 MP: 4/22
  9247 | D:8      | Reached skill level 10 in Conjurations
  9293 | D:8      | Found a shadowy altar of Dithmenos.
  9302 | D:8      | Reached skill level 6 in Fighting
  9888 | D:9      | Noticed a deep troll
  9906 | D:9      | Reached skill level 7 in Fighting
  9975 | D:9      | Killed a deep troll
  9976 | D:9      | Reached skill level 8 in Fighting
 10520 | D:9      | Noticed a deep troll
 10526 | D:9      | Reached skill level 9 in Fighting
 10528 | D:9      | Killed a deep troll
 10529 | D:9      | Reached skill level 10 in Fighting
 10529 | D:9      | Reached XP level 11. HP: 108/108 MP: 14/23
 10692 | D:9      | Noticed a deep troll
 10697 | D:9      | Killed a deep troll
 10715 | D:9      | Noticed a deep troll
 10722 | D:9      | Reached skill level 11 in Fighting
 10733 | D:9      | Noticed a deep troll
 10737 | D:9      | Killed a deep troll
 10740 | D:9      | Killed a deep troll
 10930 | D:9      | Found an iron altar of Okawaru.
 10946 | D:9      | Found a radiant altar of Vehumet.
 11136 | D:9      | Found an ancient bone altar of Kikubaaqudgha.
 11458 | D:8      | Reached skill level 12 in Fighting
 11640 | D:9      | Found a staircase to the Lair.
 11876 | Lair:1   | Entered Level 1 of the Lair of Beasts
 11883 | Lair:1   | Bought a scorched leather armour for 168 gold pieces
 11883 | Lair:1   | Identified the +3 leather armour of Marbles {rF+ Str+4
                  | SInv} (You bought it in a shop on level 1 of the Lair of
                  | Beasts)
 11883 | Lair:1   | Bought a translucent helmet for 228 gold pieces
 11883 | Lair:1   | Identified the +2 helmet "Laecsut" {rPois rCorr} (You
                  | bought it in a shop on level 1 of the Lair of Beasts)
 11975 | Lair:1   | Noticed Erica
 11983 | Lair:1   | Killed Erica
 12083 | Lair:1   | Reached skill level 13 in Fighting
 12259 | Lair:1   | Noticed a five-headed hydra
 12266 | Lair:1   | Killed a five-headed hydra
 12267 | Lair:1   | Reached XP level 12. HP: 90/126 MP: 8/24
 12749 | Lair:2   | Noticed Sonja
 12811 | Lair:1   | Reached skill level 1 in Shields
 13571 | Lair:2   | Killed Sonja
 13655 | Lair:2   | Found a blossoming altar of Fedhas.
 14067 | Lair:2   | Reached skill level 10 in Spellcasting
 14546 | Lair:1   | Bought a distressingly furry robe for 182 gold pieces
 14546 | Lair:1   | Identified the +2 robe of Lilacs {*Slow rPois Will+ Str+3}
                  | (You bought it in a shop on level 1 of the Lair of Beasts)
 14546 | Lair:1   | Bought a steaming robe for 182 gold pieces
 14546 | Lair:1   | Identified the +1 robe "Memuc" {rF+ Str+4} (You bought it
                  | in a shop on level 1 of the Lair of Beasts)
 15032 | Lair:3   | Gained mutation: You can use your snake-like lower body to
                  | constrict enemies. [Naga growth]
 15032 | Lair:3   | Reached XP level 13. HP: 125/133 MP: 17/27
 15678 | Lair:1   | Bought a jewelled helmet for 304 gold pieces
 15678 | Lair:1   | Identified the +0 helmet of Dramatic Exits {-Cast rF+ SInv}
                  | (You bought it in a shop on level 1 of the Lair of Beasts)
 15808 | Lair:4   | Found a frozen archway.
 15816 | Lair:4   | Reached skill level 14 in Fighting
 16133 | IceCv    | Entered an ice cave
 16673 | IceCv    | Engulfed by a cloud of freezing vapour

Illustrated notes

Levels and vault maps discovered:
D:1:      minmay_arrival_cross, layout_basic, minmay_3d_cube
D:2:      cheibrodos_fertilizer, layout_basic, serial_shops, nicolae_shop_stone,
          shapermc_ecumenical_altar_venn, uniq_natasha
D:3:      layout_basic, lemuel_coloured_pillars_altar, serial_shops, shop,
          uniq_ijyb
D:4:      layout_rooms, kennysheep_ying_yang, minmay_temple_entry_glass,
          uniq_blork_the_orc
D:5:      layout_loops_corners, uniq_crazy_yiuf_cottage
D:6:      layout_basic, nicolae_ru_great_annihilating_truth,
          overflow_temple_1_default, serial_bayou_pond_b
D:7:      layout_loops_ring, minmay_overflow_temple_star_quad,
          nicolae_ossuary_entry_ruins, serial_shops, nicolae_shop_behind_doors
D:8:      layout_basic, nicolae_dithmenos_shadow_blocks, blue_anna_alchemist
D:9:      lemuel_troll_bridge, layout_gridville, overflow_temple_1_default,
          okawaru_metal_pillars_1_2, nicolae_overflow_crystal_walls,
          david_lair_generic
Temple:   compressed_dpeg_triangle_lava_temple
Lair:1:   layout_roguey, uniq_erica
Lair:2:   layout_loops_ring, serial_bayou_pond_a, hangedman_tree_tricks,
          grunt_megastairs_2, serial_bayou_shore_a, uniq_sonja
Lair:3:   layout_small_grid, minivault_11, lemuel_fruit_tree,
          lemuel_fruit_fields, grunt_megastairs_1
Lair:4:   layout_big_grid, elwin_shoals_entry_stream,
          guppyfry_snake_entry_garden, portal_ice_cave_entry_ice_beasts
IceCv:    ice_cave_caverns_03

Skill      XL: |  1  2  3  4  5  6  7  8  9 10 11 12 13 |
---------------+----------------------------------------+-----
Conjurations   | 1 2 3 4 6 8 9 10 11 12 | 12.0
Spellcasting   | 3 4 6 8 10 | 10.0
Fighting       | 2 5 10 13 14 | 14.5
Shields        | 2 |  2.4
Dodging        | |  1.5
Stealth        | |  3.0
Transmutations | |  1.0
Poison Magic   | |  4.0

Action                   |  1- 3 |  4- 6 |  7- 9 | 10-12 | 13-15 || total
-------------------------+-------+-------+-------+-------+-------++-------
Melee: Hand axe          |       |       |   114 |   244 |    48 ||   406
       Constrict         |       |       |       |       |    11 ||    11
 Fire: Hunting sling     |    22 |    40 |    78 |       |       ||   140
Throw: Stone             |     2 |       |     2 |    15 |       ||    19
 Cast: Sting             |    33 |    49 |    67 |    24 |       ||   173
       Mephitic Cloud    |     1 |     4 |    43 |    86 |    20 ||   154
       Ignite Poison     |       |     3 |    33 |    58 |    10 ||   104
       Stone Arrow       |       |       |     2 |    10 |     5 ||    17
Invok: Call Merchant     |       |       |       |     2 |       ||     2
 Abil: Spit Poison       |    35 |    31 |    45 |    64 |     8 ||   183
Evoke: Wand              |       |       |     5 |     1 |     2 ||     8
  Use: Scroll            |       |     7 |     4 |     2 |     3 ||    16
       Potion            |       |       |     3 |       |     7 ||    10
 Stab: Paralysed         |       |       |     5 |     8 |       ||    13
       Sleeping          |       |       |       |     2 |       ||     2
       Confused          |       |       |       |    11 |     2 ||    13
       Distracted        |       |       |       |     1 |       ||     1
Armor: Robe              |     3 |     7 |    57 |    26 |       ||    93
       Skin              |       |       |    14 |       |     6 ||    20
       Leather armour    |       |       |       |    86 |    33 ||   119
Dodge: Dodged            |     9 |    15 |    80 |   159 |    31 ||   294
Block: Other             |       |       |    32 |    40 |       ||    72
       Reflection        |       |       |     3 |     2 |       ||     5
       Buckler           |       |       |       |    64 |    30 ||    94
       Rpst.: Long sword |     1 |       |       |       |       ||     1

Table legend: (Time is in decaauts)
 A = Elapsed time spent in this place.
 B = Non-inter-level travel time spent in this place.
 C = Inter-level travel time spent in this place.
 D = Time resting spent in this place.
 E = Time spent auto-exploring this place.
 F = Levels seen in this place.
 G = Mean time per level.
                   A        B        C        D        E       F      G
               +--------+--------+--------+--------+--------+-----+--------+
         Total |  21067 |  19303 |   1764 |   3948 |  11280 |  16 | 1316.7 |
       Dungeon |  14478 |  13260 |   1218 |   2322 |   8210 |   9 | 1608.7 |
        Temple |    131 |    106 |     25 |      0 |    102 |   1 |  131.0 |
          Lair |   5238 |   4718 |    520 |   1083 |   2677 |   4 | 1309.5 |
       Ossuary |    661 |    661 |      0 |     67 |    248 |   1 |  661.0 |
      Ice Cave |    557 |    557 |      0 |    476 |     42 |   1 |  557.0 |
               +--------+--------+--------+--------+--------+-----+--------+

Top non-repeatable levels by time:
     D:9: 2270 daAuts
     D:2: 1996 daAuts
  Lair:1: 1855 daAuts
     D:5: 1601 daAuts
  Lair:2: 1599 daAuts
     D:7: 1522 daAuts
     D:8: 1521 daAuts
     D:1: 1452 daAuts
  Lair:3: 1432 daAuts
     D:3: 1425 daAuts
     D:4: 1393 daAuts
     D:6: 1295 daAuts
 Ossuary: 661 daAuts
   IceCv: 557 daAuts
  Lair:4: 350 daAuts
